 Dungeon Crawl Stone Soup version 0.29-a0-553-g81b289d (webtiles) character file.

Game seed: 15127221450693034309

189743 SuisLittleHoshiymin the Black Crusader (level 18, -25/135 HPs)
             Began as a Human Fighter on June 6, 2022.
             Was a Follower of Yredelemnul.
             Blown up by a bound sun moth (illusionary) (35 damage)
             ... with a bolt of energy
             ... woven by Mara
             ... on level 3 of the Shoals.
             The game lasted 01:12:28 (44723 turns).

SuisLittleHoshiymin the Black Crusader (HuFi)      Turns: 44723, Time: 01:12:28

Health: -25/135    AC: 25    Str: 29    XL:     18   Next: 80%
Magic:  27/30      EV: 12    Int:  5    God:    Yredelemnul [*.....]
Gold:   506        SH: 13    Dex: 18    Spells: 17/17 levels left

rFire   + + .      SeeInvis .   R - +6 demon trident (elec)
rCold   + + .      Faith    +   o - +0 kite shield of Day {Dex+3}
rNeg    + + .      Spirit   .   h - +2 plate armour {rC+}
rPois   .          Reflect  .   (no helmet)
rElec   .          Harm     .   Z - scarf {rC+ rF+}
rCorr   .          Rampage  .   X - +1 pair of gloves {Dex+3}
Will    +....                   U - +1 pair of boots "Fehel" {rN++ Str+7 Int-5}
Stlth   ..........              L - amulet of faith
HPRegen 0.32/turn               A - +4 ring of protection
MPRegen 0.22/turn               s - ring of protection from fire

@: wreathed by umbra, studying Polearms, very slow
A: clumsy 1
}: 1/15 runes: gossamer
a: Renounce Religion, Recall Undead Harvest


You were on level 3 of the Shoals.
You worshipped Yredelemnul.
Yredelemnul was most pleased with you.
You visited 6 branches of the dungeon, and saw 31 of its levels.
You visited 1 bazaar.
You also visited: Ossuary and Volcano.

You collected 3540 gold pieces.
You spent 3034 gold pieces at shops.

Inventory:

Hand Weapons
 O - a +7 vorpal demon whip
 R - a +6 demon trident of electrocution (weapon)
Missiles
 c - 5 silver javelins
 l - 29 boomerangs (quivered)
 m - 39 poisoned darts
 n - 6 javelins
 F - 3 boomerangs of dispersal
Armour
 h - a +2 plate armour of cold resistance (worn)
 o - the +0 kite shield of Day (worn) {Dex+3}
   (You found it on level 2 of the Dungeon)

   Dex:       It affects your dexterity (+3).
 N - a +2 plate armour of fire resistance
 U - the +1 pair of boots "Fehel" (worn) {rN++ Str+7 Int-5}
   (You found it on level 7 of the Dungeon)

   Str:       It affects your strength (+7).
   Int:       It affects your intelligence (-5).
   rN:        It greatly protects you from negative energy.
 X - a +1 pair of gloves of dexterity (worn)
 Z - a scarf of resistance (worn)
Jewellery
 s - a ring of protection from fire (right hand)
 A - a +4 ring of protection (left hand)
 E - a ring of flight
 G - a ring of poison resistance
 H - a ring of see invisible
 L - an amulet of faith (around neck)
Wands
 a - a wand of acid (13)
 b - a wand of charming (11)
 q - a wand of mindburst (14)
 B - a wand of iceblast (14)
 C - a wand of flame (19)
 J - a wand of paralysis (19)
 T - a wand of digging (9)
Scrolls
 g - 9 scrolls of immolation
 j - 2 scrolls of enchant weapon
 u - 16 scrolls of teleportation
 x - 3 scrolls of fog
 y - 2 scrolls of blinking
 I - 6 scrolls of enchant armour
 V - a scroll of vulnerability
 W - 2 scrolls of silence
 Y - 7 scrolls of magic mapping
Potions
 d - 5 potions of might
 e - 8 potions of resistance
 f - 16 potions of curing
 i - a potion of brilliance
 k - 2 potions of invisibility {unknown}
 p - 2 potions of magic
 r - 3 potions of haste
 t - 14 potions of mutation
 v - 5 potions of heal wounds
 D - a potion of flight {unknown}
 K - a potion of cancellation {unknown}
 M - 9 potions of berserk rage
 Q - 11 potions of ambrosia
Miscellaneous
 w - a tin of tremorstones (2/2)
 P - a phial of floods


   Skills:
 - Level 10.2 Fighting
 - Level 15.7 Maces & Flails
 + Level 5.2 Polearms
 - Level 9.1 Throwing
 - Level 10.3 Armour
 - Level 9.8 Dodging
 - Level 11.3 Shields
 - Level 16.9 Invocations
 - Level 10.7 Evocations


You had 17 spell levels left.
You didn't know any spells.
Your spell library contained the following spells:

 Spells                   Type           Power      Damage    Failure   Level
 Beastly Appendage        Tmut           0%         N/A       100%        1
 Slow                     Hex            0%         N/A       100%        1
 Sting                    Tmut/Pois      0%         1d3       100%        1
 Summon Small Mammal      Summ           0%         N/A       100%        1
 Blink                    Tloc           0%         N/A       100%        2
 Ensorcelled Hibernation  Hex/Ice        0%         N/A       100%        2
 Passwall                 Tmut/Erth      0%         N/A       100%        2
 Call Canine Familiar     Summ           0%         N/A       100%        3
 Confusing Touch          Hex            0%         N/A       100%        3
 Ignite Poison            Fire/Tmut/Pois 0%         N/A       100%        3
 Lesser Beckoning         Tloc           0%         N/A       100%        3
 Mephitic Cloud           Conj/Pois/Air  0%         N/A       100%        3
 Ozocubu's Armour         Ice            0%         N/A       100%        3
 Portal Projectile        Hex/Tloc       0%         N/A       100%        3
 Spider Form              Tmut/Pois      0%         N/A       100%        3
 Summon Guardian Golem    Hex/Summ       0%         N/A       100%        3
 Swiftness                Air            0%         N/A       100%        3
 Tukima's Dance           Hex            0%         N/A       100%        3
 Vampiric Draining        Necr           0%         2d6       100%        3
 Anguish                  Hex/Necr       0%         N/A       100%        4
 Fulminant Prism          Conj/Hex       0%         3d6       100%        4
 Iskenderun's Mystic Bla  Conj/Tloc      0%         2d3       100%        4
 Leda's Liquefaction      Hex/Erth       0%         N/A       100%        4
 Summon Ice Beast         Ice/Summ       0%         N/A       100%        4
 Blade Hands              Tmut           0%         N/A       100%        5
 Fireball                 Conj/Fire      0%         3d3       100%        5
 Freezing Cloud           Conj/Ice/Air   0%         6-21      100%        5
 Irradiate                Conj/Tmut      0%         3d13      100%        5
 Iskenderun's Battlesphe  Conj           0%         2d6       100%        5
 Lee's Rapid Deconstruct  Erth           0%         3d5*      100%        5
 Manifold Assault         Tloc           0%         N/A       100%        5
 Summon Forest            Summ/Tloc      0%         N/A       100%        5
 Summon Mana Viper        Hex/Summ       0%         N/A       100%        5
 Yara's Violent Unravell  Hex/Tmut       0%         3d3       100%        5
 Conjure Ball Lightning   Conj/Air       0%         3x3d6     100%        6
 Eringya's Noxious Bog    Tmut/Pois      0%         N/A       100%        6
 Statue Form              Tmut/Erth      0%         N/A       100%        6
 Enfeeble                 Hex            0%         N/A       100%        7
 Haunt                    Necr/Summ      0%         N/A       100%        7
 Monstrous Menagerie      Summ           0%         N/A       100%        7
 Orb of Destruction       Conj           0%         9d5       100%        7
 Ozocubu's Refrigeration  Ice            0%         4d5       100%        7
 Summon Hydra             Summ           0%         N/A       100%        7
 Infestation              Necr           0%         N/A       100%        8
 Animate Dead             Necr           Unusable   N/A       N/A         4

Dungeon Overview and Level Annotations

Branches:
Dungeon (15/15)            Temple (1/1) D:6            Lair (6/6) D:8
 Shoals (3/4) Lair:3       Spider (4/4) Lair:4        Slime (0/5) Lair:5
    Orc (2/2) D:12            Elf (0/3) Orc:2        Vaults (0/5) D:14
 Depths (0/4) D:15        Ossuary (visited)         Volcano (visited)

Altars:
Ashenzari
Dithmenos
Elyvilon
Fedhas
Gozag
Hepliaklqana
Kikubaaqudgha
Makhleb
Nemelex Xobeh
Okawaru
Trog
Uskayaw
Vehumet
Wu Jian
Xom
Yredelemnul
Zin
The Shining One
Beogh
Jiyva

Shops:
D:6 **=   D:14 *   Orc:1 :   Orc:2 !=(!   Shoals:2 :*

Annotations:
Shoals:3 Mara


Innate Abilities, Weirdness & Mutations

You are clumsy. (Dex -2)


Message History

Mara's features momentarily become yours. "Wouldst slay thyself?"
Mara blinks!
You block SuisLittleHoshiymin's illusion's attack.
The bound sun moth bites you but does no damage.
Your merfolk impaler barely misses Mara.
Your bound sun moth bites SuisLittleHoshiymin's illusion but does no damage.
Your merfolk barely misses SuisLittleHoshiymin's illusion.
You lack nearby souls to offer Yredelemnul!
You feel much better.
Your merfolk impaler hits Mara from afar with a +2 trident of protection!
Mara hits you from afar with a +1 demon trident of freezing!
* * * LOW HITPOINT WARNING * * *
Mara hits you from afar with a +1 demon trident of freezing!
* * * LOW HITPOINT WARNING * * *
You block the bound sun moth's attack.
Your bound sun moth throws sticky fire at Mara.
The sticky flame hits SuisLittleHoshiymin's illusion.
SuisLittleHoshiymin's illusion resists.
SuisLittleHoshiymin's illusion hits you but does no damage.
Your merfolk hits SuisLittleHoshiymin's illusion from afar with a +0 trident!
Your merfolk impaler hits Mara from afar with a +2 trident of protection!
You can no longer trade souls for undead servants.
SuisLittleHoshiymin's illusion attacks as you move away!
SuisLittleHoshiymin's illusion hits you.
* * * LOW HITPOINT WARNING * * *
The bound sun moth bites you.
* * * LOW HITPOINT WARNING * * *
You partially resist.
Your bound sun moth misses SuisLittleHoshiymin's illusion.
Mara blinks!
Mara gestures at you. The bolt of fire misses you.
Your merfolk impaler barely misses SuisLittleHoshiymin's illusion.
SuisLittleHoshiymin's illusion hits your bound sun moth.
Lightning courses through your bound sun moth!!
Your merfolk closely misses SuisLittleHoshiymin's illusion.
Your merfolk impaler hits SuisLittleHoshiymin's illusion with a +2 trident of protection.
The bound sun moth throws energy at you.
The bolt of energy hits you!!
You die...

..)≈≈P≈≈≈≈≈.Z..≈≈P≈≈≈≈≈
#.≈≈..≈≈≈≈≈.##.≈≈≈≈≈≈≈≈≈
##≈≈...PR§§...≈≈≈≈≈≈≈≈≈≈≈
#..##..≈≈≈§≈≈≈≈≈P≈≈≈≈≈≈≈
##Z.##.≈≈≈§§≈≈≈≈≈≈≈P≈≈≈≈
##......≈≈≈≈≈R.≈≈..≈≈PP≈≈
...≈≈≈.≈≈≈≈≈≈≈§m≈≈..≈.≈P≈
≈≈≈≈≈≈..≈≈≈≈≈§@§Z≈≈≈PPP≈
≈≈≈≈≈≈≈≈≈≈≈≈≈≈≈Z@≈PP##P
≈≈≈≈≈≈≈≈≈≈≈≈§≈m≈≈§.P#
≈≈≈≈≈≈≈≈≈≈≈≈≈≈≈≈≈≈.....P≈
≈≈≈≈≈≈≈≈≈≈≈≈≈≈......P≈P≈.
≈≈≈≈≈≈≈≈≈≈≈≈≈≈≈.....≈≈≈..
≈≈≈≈≈≈≈≈≈≈≈≈≈≈≈.###..≈≈P.
≈≈≈≈≈≈≈.# ..≈≈≈. ≈≈≈≈≈..
..≈≈≈≈ ≈≈≈≈≈. ##.≈≈≈


You could see a bound sun moth, SuisLittleHoshiymin's illusion (distracted, ally
target), a friendly merfolk impaler (summoned), a friendly merfolk (summoned)
and a friendly bound sun moth.

Vanquished Creatures
  Mlioglotl (Spider:4)
  An emperor scorpion (Spider:4)
  A broodmother (Spider:1)
  2 merfolk impalers
  A merfolk javelineer (Shoals:3)
  Josephine (D:12)
  2 vault guards (D:14)
  2 hydras
  2 ogre magi (Orc:2)
  4 two-headed ogres
  2 tengu warriors (D:15)
  5 death yaks
  An orc high priest (Orc:2)
  Nergalle (Orc:2)
  A skeletal warrior (D:14)
  2 pharaoh ants
  3 sea snakes
  2 orb spiders
  A steelbarb worm (Spider:1)
  A wizard (D:15)
  2 harpies (Shoals:1)
  A deep elf pyromancer (D:15)
  6 wolf spiders
  5 cyclopes
  3 ugly things
  A faun (Shoals:1)
  4 manticores
  2 oklob plants
  4 orc sorcerers (Orc:2)
  2 elephants (Lair:4)
  3 black mambas
  5 merfolk sirens
  A water nymph (Shoals:2)
  3 torpor snails
  4 cane toads
  A gargoyle (D:11)
  3 unseen horrors
  4 demonic crawlers
  2 rime drakes
  A freezing wraith (D:14)
  2 tengu conjurers (D:9)
  An efreet (D:15)
  A komodo dragon (Lair:3)
  A polar bear (Lair:4)
  11 merfolk
  12 meliai
  3 trolls
  A wind drake (Shoals:2)
  2 hornets
  6 tarantellas
  Grinder (D:3)
  4 slime creatures
  11 blink frogs
  12 dream sheep
  3 snapping turtles
  7 culicivoras
  6 jumping spiders
  Sigmund (D:3)
  A centaur simulacrum (D:14)
  7 wraiths
  3 wyverns
  45 yaks
  A water elemental (Shoals:2)
  A steam dragon (D:7)
  2 basilisks (Lair:6)
  4 fire elementals (Spider:1)
  A vampire mosquito (D:13)
  17 redbacks
  An acid dragon (D:8)
  5 hell hounds
  8 water moccasins
  7 sky beasts
  9 orc warriors
  4 ice beasts
  4 black bears
  13 ogres
  3 wolves (Lair:4)
  A phantom (D:4)
  6 centaurs
  A kobold brigand (D:7)
  4 elf zombies (Ossuary)
  14 bullfrogs
  2 necrophages (D:6)
  4 scorpions
  4 wights
  14 killer bees
  2 electric eels
  4 howler monkeys
  4 centaur zombies (Ossuary)
  A hound (D:4)
  A jelly (D:6)
  4 human zombies (Ossuary)
  8 orc priests
  Crazy Yiuf (D:3)
  2 gnoll shamans (D:6)
  An iguana (D:5)
  22 orc wizards
  4 hell rats (Lair:2)
  3 mummies (Ossuary)
  4 gnolls (D:5)
  4 adders
  A shadow imp (D:7)
  6 white imps
  2 ufetubi
  4 dart slugs
  92 orcs
  7 endoplasms
  5 giant cockroaches
  10 goblins
  9 hobgoblins
  5 jackals
  16 kobolds
  3 quokkas (D:1)
  3 ball pythons
  4 bats
  3 frilled lizards
  5 rats
604 creatures vanquished.

Vanquished Creatures (collateral kills)
  Arachne (Spider:2)
  Jorgrun (D:12)
  Frances (Shoals:1)
  Ilsuiw (Shoals:2)
  Roxanne (Spider:4)
  An orc warlord (Orc:2)
  An emperor scorpion (Spider:3)
  Louise (D:15)
  3 ghost moths (Spider:4)
  A juggernaut skeleton (D:15)
  Azrael (Spider:1)
  A spark wasp (Spider:4)
  Snorg (D:13)
  3 merfolk impalers
  2 hydras
  Harold (Lair:1)
  An ogre mage (Orc:2)
  6 vault guards (D:14)
  A jorogumo (Spider:3)
  2 merfolk avatars
  3 boulder beetles
  3 centaur warriors
  A death knight (D:14)
  2 two-headed ogres (D:13)
  An alligator snapping turtle (Shoals:1)
  A death scarab (Spider:1)
  3 death yaks
  The ghost of SuisLittleHoshiymin the Conjurer, a novice HuCj of Sif Muna (D:8)
  Lodul (D:10)
  A fire crab (Lair:6)
  6 pharaoh ants
  A skeletal warrior (D:14)
  A flayed ghost (D:15)
  Amaemon (Lair:3)
  5 sea snakes
  7 orb spiders
  A harpy (Shoals:1)
  A golden dragon skeleton (D:15)
  A deep elf pyromancer (D:12)
  A necromancer (D:15)
  4 orc sorcerers (Orc:2)
  11 wolf spiders
  An orc knight (Orc:2)
  3 fauns
  2 cyclopes
  5 ugly things
  2 frost giant zombies (D:15)
  A manticore (D:13)
  5 black mambas
  3 merfolk sirens
  2 elephants (Lair:4)
  4 cane toads
  3 molten gargoyles (Lair:6)
  3 torpor snails (Spider:2)
  A demonic crawler (Spider:2)
  An unseen horror (D:12)
  An orange demon (Lair:3)
  2 rime drakes
  An efreet (D:15)
  3 tengu conjurers (D:15)
  5 komodo dragons
  A guardian mummy (D:15)
  A queen bee (shapeshifter) (D:15)
  6 meliai
  12 merfolk
  4 wind drakes
  A polar bear (Lair:3)
  A queen bee (Lair:2)
  3 trolls
  4 hornets (Spider:4)
  10 tarantellas
  12 blink frogs
  13 dream sheep
  A snapping turtle (Shoals:1)
  A blink frog (shapeshifter) (D:14)
  5 slime creatures
  A vampire (D:12)
  13 jumping spiders
  11 culicivoras
  A spriggan (Lair:6)
  A water elemental (Shoals:3)
  24 yaks
  6 wraiths
  A wyvern (Lair:6)
  2 fire elementals (Spider:1)
  24 redbacks
  3 vampire mosquitoes (D:13)
  2 steam dragons
  5 basilisks
  A warg (Orc:2)
  2 water moccasins
  A hell hound (Spider:1)
  10 orc warriors
  A black bear (Lair:4)
  3 ogres (Orc:2)
  A kobold brigand (D:9)
  4 bullfrogs
  A water moccasin zombie (Lair:2)
  2 wights (D:8)
  11 killer bees (Lair:2)
  An electric eel (Lair:5)
  4 lava snakes (Lair:6)
  5 orc priests
  2 jellies (D:8)
  19 orc wizards
  2 hell rats (Lair:2)
  A killer bee zombie (Lair:2)
  22 orcs
  3 kobolds (D:9)
  A fungus (Lair:5)
  A plant (Lair:5)
403 creatures vanquished.

Vanquished Creatures (others)
  A spectral human (Spider:2)
  An emperor scorpion (Spider:4)
  A spectral broodmother (Spider:4)
  4 wolf spider zombies
  An ugly thing zombie (D:11)
  A death scarab zombie (Spider:1)
  A wizard (D:5)
  7 redback zombies
  A demonic crawler zombie (Spider:2)
  A tarantella (Spider:1)
  A jumping spider zombie (Spider:1)
  2 culicivora zombies
  2 tarantella zombies
  3 meliai zombies
  A black mamba zombie (Lair:6)
  A jumping spider (Spider:3)
  A culicivora (Spider:1)
  A wind drake zombie (Shoals:1)
  3 slime creature zombies
  6 merfolk zombies
  A human zombie (D:15)
  A spectral basilisk (Lair:5)
  2 faun zombies (Shoals:1)
  A two-headed ogre zombie (Volcano)
  An orc warrior (Orc:2)
  A dream sheep zombie (Lair:4)
  An elf zombie (D:15)
  A manticore zombie (Shoals:1)
  4 blink frog zombies
  A torpor snail zombie (Spider:2)
  A rime drake zombie (Lair:1)
  A vampire mosquito zombie (D:13)
  5 hell hound zombies
  A wyvern zombie (Lair:6)
  2 cyclops zombies
  A troll zombie (D:14)
  A tengu zombie (D:15)
  12 yak zombies
  A wolf zombie (Lair:4)
  3 centaur zombies
  A spectral steam dragon (Lair:3)
  3 bullfrog zombies
  10 killer bee zombies (Lair:2)
  4 ogre zombies (D:10)
  A hell rat zombie (Lair:2)
  A howler monkey zombie (D:7)
  An orc (D:10)
  A kobold zombie (D:7)
  46 orc zombies
  93 fungi
  187 plants
  7 withered plants (D:15)
437 creatures vanquished.

Grand Total: 1444 creatures vanquished

Notes
Turn   | Place    | Note
-------+----------+-------------------------------------------
     0 | D:1      | SuisLittleHoshiymin the Human Fighter began the quest for
                  | the Orb.
     0 | D:1      | Reached XP level 1. HP: 18/18 MP: 1/1
   119 | D:1      | Reached XP level 2. HP: 24/24 MP: 2/2
   350 | D:1      | Reached XP level 3. HP: 27/29 MP: 3/3
   754 | D:1      | Found a faded altar of an unknown god.
   754 | D:1      | Noticed an ice devil
  1582 | D:2      | Reached XP level 4. HP: 25/35 MP: 4/4
  1588 | D:2      | Identified the +8 whip "Pelel" {freeze, rN+}
  1599 | D:2      | Identified the +0 kite shield of Day {Dex+3}
  2017 | D:3      | Noticed a bullfrog
  2023 | D:3      | Killed a bullfrog
  2024 | D:3      | Reached XP level 5. HP: 33/41 MP: 5/5
  2225 | D:3      | Found a broken altar of Ashenzari.
  2310 | D:3      | Noticed Grinder
  2322 | D:3      | Killed Grinder
  2323 | D:3      | Reached skill level 5 in Maces & Flails
  2323 | D:3      | Reached skill level 1 in Throwing
  2323 | D:3      | Reached XP level 6. HP: 44/47 MP: 6/6
  2357 | D:3      | Noticed Sigmund
  2365 | D:3      | Killed Sigmund
  2366 | D:3      | Reached XP level 7. HP: 37/52 MP: 7/7
  2428 | D:3      | Identified the +0 ring mail of Oblivion {Will+ Str+3}
  2998 | D:3      | Found a runed translucent door.
  2999 | D:3      | Noticed Crazy Yiuf
  3196 | D:3      | Paralysed by Crazy Yiuf for 5 turns
  3203 | D:3      | Killed Crazy Yiuf
  4047 | D:4      | Found a sand-covered staircase.
  4061 | Ossuary  | Entered an ossuary
  4125 | Ossuary  | Reached XP level 8. HP: 48/58 MP: 8/8
  4199 | Ossuary  | Reached skill level 5 in Shields
  5028 | D:5      | Entered Level 5 of the Dungeon
  5183 | D:5      | Reached XP level 9. HP: 53/63 MP: 9/9
  5651 | D:5      | Found a bloodstained altar of Trog.
  5654 | D:5      | Noticed a wizard
  5659 | D:5      | Killed a wizard
  5702 | D:5      | Reached skill level 1 in Dodging
  6155 | D:6      | Found Summeg's Jewellery Shop.
  6158 | D:6      | Found Toazahaz's Assorted Antiques.
  6204 | D:6      | Bought a twisted citrine amulet for 115 gold pieces
  6418 | D:6      | Found a hazy altar of Hepliaklqana.
  6418 | D:6      | Found an ornate altar of the Wu Jian Council.
  6418 | D:6      | Found an opulent altar of Gozag.
  6419 | D:6      | Found a radiant altar of Vehumet.
  6419 | D:6      | Found a blossoming altar of Fedhas.
  6586 | D:6      | Reached skill level 5 in Throwing
  6913 | D:6      | Found a staircase to the Ecumenical Temple.
  6975 | Temple   | Entered the Ecumenical Temple
  7135 | Temple   | Became a worshipper of Yredelemnul the Dark
  7263 | D:6      | Reached skill level 1 in Invocations
  7263 | D:6      | Reached XP level 10. HP: 67/71 MP: 9/11
  7303 | D:6      | Found Ica Dua's Assorted Antiques.
  7306 | D:6      | Bought a murky sapphire potion for 20 gold pieces
  7306 | D:6      | Bought 2 bubbling silvery potions for 41 gold pieces
  7439 | D:6      | Reached skill level 2 in Invocations
  7614 | D:7      | Reached skill level 3 in Invocations
  7701 | D:7      | Reached skill level 4 in Invocations
  7724 | D:7      | Reached * piety under Yredelemnul
  7725 | D:7      | Reached skill level 5 in Invocations
  7932 | D:7      | Reached ** piety under Yredelemnul
  8016 | D:7      | Reached skill level 6 in Invocations
  8216 | D:7      | Reached *** piety under Yredelemnul
  8231 | D:7      | Reached skill level 7 in Invocations
  8239 | D:7      | Reached **** piety under Yredelemnul
  8504 | D:7      | Identified the +1 pair of boots "Fehel" {rN++ Str+7 Int-5}
  8786 | D:7      | Found a burning altar of Makhleb.
  8988 | D:8      | Found a staircase to the Lair.
  9115 | D:8      | Reached skill level 8 in Invocations
  9347 | D:8      | Reached skill level 9 in Invocations
  9475 | D:8      | Reached XP level 11. HP: 55/77 MP: 18/18
  9657 | D:8      | Reached skill level 10 in Invocations
  9682 | D:8      | Reached ***** piety under Yredelemnul
  9697 | D:8      | Identified a scroll of acquirement
  9701 | D:8      | Acquired a +2 pair of gloves of stealth
  9764 | D:8      | Found an ancient bone altar of Kikubaaqudgha.
  9800 | D:8      | Found a runed translucent gate.
  9800 | D:8      | Found a runed translucent gate.
  9800 | D:8      | Found a viscous altar of Jiyva.
  9800 | D:8      | Found a runed translucent gate.
  9800 | D:8      | Noticed SuisLittleHoshiymin's ghost (novice HuCj)
 10446 | D:8      | Killed SuisLittleHoshiymin's ghost
 10447 | D:8      | Reached skill level 11 in Invocations
 10664 | D:9      | Reached skill level 12 in Invocations
 10834 | D:9      | Noticed a two-headed ogre
 10842 | D:9      | Killed a two-headed ogre
 11520 | D:10     | Entered Level 10 of the Dungeon
 11521 | D:10     | Noticed Lodul
 11530 | D:10     | Killed Lodul
 11531 | D:10     | Reached skill level 13 in Invocations
 12261 | D:10     | Reached skill level 14 in Invocations
 12261 | D:10     | Reached XP level 12. HP: 32/83 MP: 22/22
 12859 | D:10     | Reached skill level 1 in Evocations
 13258 | D:11     | Noticed a seven-headed hydra
 13266 | D:11     | Killed a seven-headed hydra
 13954 | D:11     | Identified the +1 ring mail of the Slightly Bent {+Blink
                  | rCorr Int+4}
 14706 | Lair:1   | Entered Level 1 of the Lair of Beasts
 14976 | Lair:1   | Noticed Harold
 14983 | Lair:1   | Found a dark tunnel.
 15002 | Volcano  | Entered a volcano
 15018 | Volcano  | Noticed a red draconian
 15018 | Volcano  | Noticed a two-headed ogre
 15018 | Volcano  | Noticed a two-headed ogre
 15037 | Volcano  | Killed a two-headed ogre
 15038 | Volcano  | Reached skill level 5 in Fighting
 15038 | Volcano  | Reached skill level 5 in Armour
 15041 | Volcano  | Killed a two-headed ogre
 15081 | Lair:1   | Killed Harold
 15082 | Lair:1   | Reached skill level 10 in Maces & Flails
 15082 | Lair:1   | Reached XP level 13. HP: 17/91 MP: 23/23
 16329 | Lair:2   | Reached ****** piety under Yredelemnul
 16512 | Lair:2   | Reached skill level 5 in Evocations
 17739 | Lair:3   | Found a staircase to the Shoals.
 18339 | Lair:3   | Noticed Amaemon
 18582 | Lair:3   | Killed Amaemon
 18908 | Lair:3   | Reached skill level 5 in Dodging
 19325 | Lair:4   | Reached XP level 14. HP: 100/100 MP: 25/25
 19473 | Lair:4   | Found a hole to the Spider Nest.
 21612 | Lair:5   | You fall into a shaft and drop 1 floor!
 21612 | Lair:6   | Entered Level 6 of the Lair of Beasts
 22108 | Lair:5   | Reached skill level 15 in Invocations
 22110 | Lair:5   | Found a staircase to the Slime Pits.
 22113 | Lair:5   | Found a viscous altar of Jiyva.
 22976 | Lair:6   | Reached XP level 15. HP: 68/107 MP: 26/26
 23414 | Lair:6   | Found a large runed translucent door.
 23414 | Lair:6   | Found a large runed translucent door.
 25027 | D:12     | Found a staircase to the Orcish Mines.
 25183 | D:12     | Noticed Jorgrun
 25204 | D:12     | Killed Jorgrun
 26138 | D:12     | Noticed Josephine
 26159 | D:12     | Killed Josephine
 26519 | D:12     | Found a gateway to a bazaar.
 26531 | Bazaar   | Entered a bazaar
 26537 | Bazaar   | Found Eguacleo's Book Shop.
 26537 | Bazaar   | Found Fihiujac's Jewellery Boutique.
 26548 | Bazaar   | Bought a ring of flight for 175 gold pieces
 26548 | Bazaar   | Bought a ring of see invisible for 150 gold pieces
 27802 | D:13     | Noticed Snorg
 27815 | D:13     | Killed Snorg
 29639 | D:14     | Found a gate to the Vaults.
 29651 | D:14     | Reached XP level 16. HP: 117/117 MP: 27/27
 30284 | D:14     | Found Pumirph's Assorted Antiques.
 30286 | D:14     | Noticed Agnes
 30296 | D:14     | Killed Agnes
 30296 | D:14     | Enslaved Agnes
 30479 | D:15     | Entered Level 15 of the Dungeon
 30479 | D:15     | Found a staircase to the Depths.
 30825 | D:15     | Noticed Louise
 30881 | D:15     | Killed Louise
 31622 | Orc:1    | Entered Level 1 of the Orcish Mines
 31677 | Orc:1    | Found Rauc's Book Emporium.
 31814 | Orc:2    | Entered Level 2 of the Orcish Mines
 31814 | Orc:2    | Found a staircase to the Elven Halls.
 32006 | Orc:2    | Gained mutation: You are clumsy. (Dex -2) [a neqoxec]
 32479 | Orc:2    | Found Qimentul's Distillery.
 32520 | Orc:2    | Found Oneogoam's Antique Weapon Boutique.
 32567 | Orc:2    | Bought a potion of berserk rage for 65 gold pieces
 32567 | Orc:2    | Bought a potion of berserk rage for 65 gold pieces
 32567 | Orc:2    | Bought a potion of heal wounds for 65 gold pieces
 32567 | Orc:2    | Bought a potion of mutation for 104 gold pieces
 32567 | Orc:2    | Bought a potion of mutation for 104 gold pieces
 32567 | Orc:2    | Bought a potion of haste for 130 gold pieces
 32580 | Orc:2    | Found an ancient bone altar of Kikubaaqudgha.
 32580 | Orc:2    | Noticed Nergalle
 32599 | Orc:2    | Killed Nergalle
 32624 | Orc:2    | Found a radiant altar of Vehumet.
 32625 | Orc:2    | Reached skill level 10 in Shields
 32639 | Orc:2    | Found Asiqoper's Jewellery Boutique.
 32647 | Orc:2    | Reached skill level 16 in Invocations
 32678 | Orc:2    | Bought an amulet of reflection for 300 gold pieces
 32705 | Orc:2    | Found Xieqin's Distillery.
 32713 | Orc:2    | Bought 2 potions of degeneration for 30 gold pieces
 32713 | Orc:2    | Bought a potion of heal wounds for 75 gold pieces
 32713 | Orc:2    | Bought a potion of heal wounds for 75 gold pieces
 32713 | Orc:2    | Bought a potion of berserk rage for 75 gold pieces
 32713 | Orc:2    | Bought 2 potions of berserk rage for 150 gold pieces
 32713 | Orc:2    | Bought a potion of berserk rage for 75 gold pieces
 32713 | Orc:2    | Bought a potion of mutation for 120 gold pieces
 32713 | Orc:2    | Bought a potion of might for 60 gold pieces
 33747 | Spider:1 | Entered Level 1 of the Spider Nest
 33968 | Spider:1 | Noticed Azrael
 33974 | Spider:1 | Killed Azrael
 34253 | Spider:1 | Noticed Nikola
 34261 | Spider:1 | Killed Nikola
 34261 | Spider:1 | Enslaved Nikola
 34465 | Spider:1 | Reached XP level 17. HP: 124/124 MP: 29/29
 36568 | Spider:2 | Noticed Arachne
 36614 | Spider:2 | Killed Arachne
 36669 | Spider:2 | Your ally Nikola died
 39383 | Spider:4 | Entered Level 4 of the Spider Nest
 39498 | Spider:4 | Reached skill level 10 in Evocations
 39573 | Spider:4 | Noticed Mlioglotl
 39582 | Spider:4 | Killed Mlioglotl
 39894 | Spider:4 | Identified Roxanne's Handbook of Moulding
 39894 | Spider:4 | Noticed Roxanne
 39910 | Spider:4 | Killed Roxanne
 40058 | Spider:4 | Reached skill level 15 in Maces & Flails
 40489 | Spider:4 | Reached XP level 18. HP: 132/134 MP: 23/30
 40775 | Spider:4 | Got a gossamer rune of Zot
 41035 | Shoals:1 | Entered Level 1 of the Shoals
 41037 | Shoals:1 | Noticed Frances
 41051 | Shoals:1 | Killed Frances
 41247 | Shoals:1 | Reached skill level 10 in Armour
 41706 | Shoals:1 | Reached skill level 10 in Fighting
 42552 | Shoals:2 | Noticed Ilsuiw
 42580 | Shoals:2 | Killed Ilsuiw
 43502 | Shoals:2 | Found Gounec's Assorted Antiques.
 43706 | Shoals:2 | Found Dym Jes's Self-Improvement Boutique.
 43887 | Shoals:2 | Bought a manual of Polearms for 1040 gold pieces
 44150 | Shoals:3 | Reached skill level 1 in Polearms
 44640 | Shoals:3 | Reached skill level 5 in Polearms
 44703 | Shoals:3 | Noticed Mara
 44711 | Shoals:3 | Noticed SuisLittleHoshiymin's illusion
 44723 | Shoals:3 | Blown up by a bound sun moth (illusionary)

Illustrated notes

Levels and vault maps discovered:
D:1:      dpeg_arrival_brainrot, layout_loops_ring,
          dreamdust_ecumenical_altar_sealed_demon
D:2:      layout_basic
D:3:      corexii_shack_village, layout_loops_corners,
          nicolae_ashenzari_skybound, minmay_fractal_squares_5, uniq_grinder,
          uniq_crazy_yiuf_cottage, uniq_sigmund
D:4:      layout_basic, serial_forest, infiniplex_forest_clump_tiny,
          infiniplex_forest_end_3, infiniplex_forest_lined_corner,
          infiniplex_forest_straight_1, infiniplex_forest_clump_medium,
          infiniplex_forest_clump_double, enter_ossuary_1
D:5:      layout_basic, trog_wizard, grunt_ministairs_3,
          chequers_serial_rivers_small_3
D:6:      layout_loops_cross, grunt_temple_overflow_open,
          minmay_temple_entry_drinking_statues, serial_shops, shop, shop,
          kennysheep_mini, minmay_hedge_maze, minmay_misc_feat_pillars,
          minmay_alternating_orb
D:7:      layout_loops_ring, lightli_temple_of_fire, minmay_tree_intersection,
          hangedman_minor_gate_pass
D:8:      minmay_polygon_palace, layout_loops_corners,
          mainiacjoe_overflow_small_starburst, lair_entry_dummy,
          gammafunk_ghost_ooze, enter_bailey_2
D:9:      layout_roguey, serial_curves, eino_curves_01, eino_curves_04,
          kennysheep_generic_room_8
D:10:     layout_roguey, eino_tiny_chamber, nicolae_elevator_lobby_asterisk,
          uniq_lodul
D:11:     layout_loops_cross, portal_ice_cave_entry_pillars_1
D:12:     layout_gridville, hiddenorc2_lemuel, serial_shops, bzr_firewalk,
          special_room [special_room_orc], uniq_josephine, uniq_jorgrun
D:13:     layout_loops_cross, uniq_snorg
D:14:     layout_basic, erik_vaults_2, serial_shops, nicolae_shop_crystal,
          dreamdust_looks_like_rain, uniq_agnes
D:15:     gammafunk_depths_entry_grave, layout_cross, uniq_louise
Temple:   nicolae_temple_figure_eight
Lair:1:   layout_regular_city, enter_volcano_1, lemuel_fruit_tree, uniq_harold
Lair:2:   layout_roguey [special_room_bee]
Lair:3:   layout_cave_shapes, elwin_shoals_entry_stream, st_stairs_10,
          bh_autumn_forest_stairs, uniq_amaemon
Lair:4:   layout_regular_city, spider_nest_entry_a
Lair:5:   layout_regular_city, slime_altar_1, serial_bayou_shore_a,
          serial_bayou_shore_b
Lair:6:   cheibrodos_lair_end_hotspot, layout_cave_pods,
          grunt_forest_large_clearing_hut
Shoals:1: layout_shoals, uniq_frances
Shoals:2: layout_shoals, serial_shops, shop, nicolae_shop_self_help, uniq_ilsuiw
Shoals:3: layout_shoals, uniq_polyphemus, uniq_mara
Spider:1: layout_spider_delve, uniq_azrael, uniq_nikola
Spider:2: layout_spider_delve, hangedman_spider_tarantella_strand, uniq_arachne
Spider:3: layout_chambers
Spider:4: spider_rune_water, uniq_roxanne, uniq_mlioglotl
Orc:1:    nicolae_orc_accident_2, layout_caves, serial_shops,
          nicolae_shop_competitors_out_of_business, guppyfry_orc_lava_fort
Orc:2:    kennysheep_orc_mage_school, layout_caves

Skill      XL: |  1  2  3  4  5  6  7  8  9 10 11 12 13 14 15 16 17 18 |
---------------+-------------------------------------------------------+-----
Maces & Flails | 3 4 5 6 8 9 10 11 13 14 15 | 15.7
Throwing       | 1 2 3 4 5 6 8 9 |  9.1
Shields        | 4 5 6 7 8 9 10 11 | 11.3
Dodging        | 2 3 5 6 7 8 9 |  9.8
Fighting       | 4 5 6 8 9 10 | 10.2
Armour         | 4 5 6 7 8 9 10 | 10.3
Invocations    | 1 9 14 15 16 | 16.9
Evocations     | 3 6 7 8 9 10 | 10.7
Polearms       | 5 |  5.2

Action                   |  1- 3 |  4- 6 |  7- 9 | 10-12 | 13-15 | 16-18 || total
-------------------------+-------+-------+-------+-------+-------+-------++-------
Melee: Flail             |   112 |       |       |       |       |       ||   112
       Whip              |       |    37 |   311 |   554 |   859 |       ||  1761
       Demon whip        |       |       |       |       |    59 |   698 ||   757
       Demon trident     |       |       |       |       |       |    36 ||    36
Throw: Boomerang         |       |       |     7 |    18 |     8 |     7 ||    40
       Dart              |       |       |     3 |     2 |       |    20 ||    25
       Javelin           |       |       |       |     8 |       |     2 ||    10
       Throwing net      |       |       |       |       |     2 |       ||     2
Invok: Recall Undead Har |       |       |       |     8 |    14 |    11 ||    33
       Dark Bargain      |       |       |       |     4 |     1 |    17 ||    22
       Bind Soul         |       |       |       |       |     4 |     5 ||     9
       Drain Life        |       |       |       |       |     1 |     4 ||     5
Evoke: Wand              |       |       |       |     4 |     1 |     3 ||     8
  Use: Scroll            |       |       |     1 |    15 |    16 |     9 ||    41
       Potion            |       |       |       |       |       |     6 ||     6
 Stab: Distracted        |       |       |       |     6 |    11 |    18 ||    35
       Sleeping          |       |       |       |     1 |     1 |       ||     2
       Held in net/web   |       |       |       |       |     2 |       ||     2
       Petrified         |       |       |       |       |    10 |       ||    10
       Petrifying        |       |       |       |       |     1 |       ||     1
Armor: Scale mail        |    56 |       |       |       |   237 |    20 ||   313
       Chain mail        |       |    13 |   112 |   230 |       |       ||   355
       Ring mail         |       |       |       |    19 |       |       ||    19
       Plate armour      |       |       |       |       |       |   302 ||   302
Dodge: Dodged            |    62 |     7 |    48 |   132 |   265 |   255 ||   769
Block: Buckler           |    29 |       |       |       |       |       ||    29
       Kite shield       |       |    15 |   104 |   205 |   331 |   385 ||  1040

Table legend: (Time is in decaauts)
 A = Elapsed time spent in this place.
 B = Non-inter-level travel time spent in this place.
 C = Inter-level travel time spent in this place.
 D = Time resting spent in this place.
 E = Time spent auto-exploring this place.
 F = Levels seen in this place.
 G = Mean time per level.
                   A        B        C        D        E       F      G
               +--------+--------+--------+--------+--------+-----+--------+
         Total |  49098 |  45486 |   3612 |   8336 |  30621 |  34 | 1444.1 |
       Dungeon |  22424 |  20280 |   2144 |   3053 |  14149 |  15 | 1494.9 |
        Temple |    172 |    138 |     34 |      0 |    136 |   1 |  172.0 |
          Lair |  11922 |  11033 |    889 |   1414 |   7993 |   6 | 1987.0 |
        Shoals |   4523 |   4263 |    260 |   1073 |   2698 |   3 | 1507.7 |
   Spider Nest |   8203 |   8028 |    175 |   2639 |   4475 |   4 | 2050.8 |
  Orcish Mines |   1454 |   1346 |    108 |    157 |    939 |   2 |  727.0 |
        Bazaar |     24 |     24 |      0 |      0 |     16 |   1 |   24.0 |
       Ossuary |    328 |    328 |      0 |      0 |    198 |   1 |  328.0 |
       Volcano |     44 |     44 |      0 |      0 |     15 |   1 |   44.0 |
               +--------+--------+--------+--------+--------+-----+--------+

Top non-repeatable levels by time:
  Lair:6: 3131 daAuts
Spider:3: 2813 daAuts
     D:8: 2347 daAuts
    D:14: 2138 daAuts
Spider:2: 2106 daAuts
Shoals:2: 2059 daAuts
    D:10: 1950 daAuts
    D:12: 1882 daAuts
  Lair:3: 1843 daAuts
    D:13: 1820 daAuts
  Lair:5: 1803 daAuts
  Lair:2: 1779 daAuts
Shoals:1: 1778 daAuts
  Lair:4: 1718 daAuts
Spider:1: 1713 daAuts
